 Dungeon Crawl Stone Soup version 0.29-a0-824-gd827844252 (webtiles) character file.

Game seed: 6811567945420905217

38 lesbiats the Conjurer (level 3, 0/15 HPs)
             Began as a Felid Conjurer on July 10, 2022.
             Constricted to death by a ball python (1 damage)
             ... on level 2 of the Dungeon.
             The game lasted 00:05:32 (1462 turns).

lesbiats the Conjurer (Felid Conjurer)              Turns: 1462, Time: 00:05:33

Health: 0/15       AC:  1    Str:  3    XL:     3   Next: 25%
Magic:  0/7        EV: 14    Int: 21    God:
Gold:   36         SH:  0    Dex: 14    Spells: 5/6 levels left
                                        Lives:  0   Deaths: 0

rFire   . . .      SeeInvis +   (weapon unavailable)
rCold   . . .      Faith    .   (shield unavailable)
rNeg    . . .      Spirit   .   (body armour unavailable)
rPois   .          Reflect  .   (helmet unavailable)
rElec   .          Harm     .   (cloak unavailable)
rCorr   .          Rampage  .   (gloves unavailable)
Will    .....                   (boots unavailable)
Stlth   ++........              (no amulet)
HPRegen 0.05/turn               (no ring)
MPRegen 0.10/turn               (no ring)

@: constricted, quick
A: very small, claws 1, fangs 3, see invisible, speed 1, shaggy fur 1, stealthy
paws, no weapons or thrown items, no armour, multi-lived
a: no special abilities


You were on level 2 of the Dungeon.
You visited 1 branch of the dungeon, and saw 2 of its levels.

You collected 36 gold pieces.

Inventory:

Scrolls
 b - a scroll of teleportation {unknown}
 c - a scroll of enchant armour
 e - a scroll of fog {unknown}
 f - a scroll of brand weapon
 g - a scroll of vulnerability {unknown}
Potions
 a - a potion of magic
 d - a potion of heal wounds {unknown}
 h - a potion of resistance {unknown}


   Skills:
 + Level 0.8 Fighting
 + Level 3.2 Dodging
 - Level 3.0 Stealth
 + Level 2.4 Spellcasting
 * Level 4.0 Conjurations


You had 5 spell levels left.
You knew the following spells:

 Your Spells              Type           Power      Damage    Failure   Level
a - Magic Dart            Conj           76%        1d6       2%          1

Your spell library contained the following spells:

 Spells                   Type           Power      Damage    Failure   Level
 Searing Ray              Conj           38%        2d5       4%          2
 Dazzling Flash           Conj/Hex       20%        N/A       19%         3
 Fulminant Prism          Conj/Hex       5%         3d7       52%         4
 Iskenderun's Mystic Bla  Conj/Tloc      10%        2d4       52%         4


Dungeon Overview and Level Annotations

Branches:
Dungeon (2/15)

Altars:


Innate Abilities, Weirdness & Mutations

You have sharp claws.
You have razor-sharp teeth.
You have supernaturally acute eyesight. (SInv)
You cover ground quickly. (Speed+)
You are covered in fur. (AC +1)
Your paws help you pounce on unaware monsters.
You are incapable of wielding weapons or throwing items.
You cannot wear armour.
You gain extra lives every three experience levels.


Message History

Aiming: Magic Dart (safe; 2% risk of failure)
Press: ? - help, Q - select action Shift-Dir - straight line, f/p - gnoll
Aim: a gnoll, wielding a +0 spear (severely wounded, 100% to hit)
The magic dart hits the gnoll but does no damage.
The gnoll is severely wounded.
The gnoll hits you with a +0 spear.
You barely miss the gnoll.
The gnoll is severely wounded.
The gnoll completely misses you.
You scratch the gnoll but do no damage.
The gnoll is severely wounded.
The gnoll closely misses you.
You barely miss the gnoll.
The gnoll is severely wounded.
The ball python closely misses you. The ball python grabs you.
The ball python constricts you. The gnoll misses you.
Aiming: Magic Dart (safe; 2% risk of failure)
Press: ? - help, Q - select action Shift-Dir - straight line, f/p - gnoll
Aim: a gnoll, wielding a +0 spear (severely wounded, 100% to hit)
The magic dart hits the gnoll but does no damage.
The gnoll is severely wounded.
The ball python barely misses you. The ball python constricts you.
* * * LOW HITPOINT WARNING * * *
The gnoll completely misses you. The ball python closely misses you.
The ball python constricts you.
* * * LOW HITPOINT WARNING * * *
Okay, then.
Okay, then.
As you read the scroll labelled UGGYHU WILUL, it crumbles to dust.
It is a scroll of enchant armour.
You aren't carrying any armour which can be enchanted further.
The gnoll barely misses you. The ball python bites you.
* * * LOW HITPOINT WARNING * * *
The ball python constricts you.
* * * LOW HITPOINT WARNING * * *
As you read the scroll labelled HYTEDGHO XIGIS, it crumbles to dust.
It is a scroll of brand weapon.
You aren't carrying any weapons that can be branded.
The ball python completely misses you. The ball python constricts you.
You die...

#.# #.# #.# #.#
##.####.##
#.#####.....)..#
.........#####..#
#.#####.## ...g
#.#


PPP. #S# ..P #@# .. #g# P #.# #<# #[# ... ...## ##### You could see a gnoll and
a ball python.

Vanquished Creatures
  A gnoll (D:2)
  2 bats (D:1)
  5 endoplasms (D:1)
  A goblin (D:1)
  4 hobgoblins
  5 jackals (D:1)
  A kobold (D:2)
  A quokka (D:1)
  A ball python (D:1)
  2 frilled lizards (D:1)
23 creatures vanquished.

Vanquished Creatures (others)
  5 plants (D:2)
5 creatures vanquished.

Grand Total: 28 creatures vanquished

Notes
Turn   | Place    | Note
-------+----------+-------------------------------------------
     0 | D:1      | lesbiats the Felid Conjurer began the quest for the Orb.
     0 | D:1      | Reached XP level 1. HP: 7/7 MP: 4/4
   263 | D:1      | Reached XP level 2. HP: 11/11 MP: 4/6
  1406 | D:2      | Reached XP level 3. HP: 11/15 MP: 4/7
  1411 | D:2      | Reached skill level 4 in Conjurations
  1462 | D:2      | Constricted to death by a ball python

Illustrated notes

Levels and vault maps discovered:
D:1:      dpeg_arrival_round_b, layout_basic, dreamdust_princess_corridor
D:2:      layout_loops_ring, basic_ecumenical_altar, serial_shops, shop,
          chequers_serial_rivers_micro_a, minmay_misc_feat_chi,
          nicolae_grassy_gnolls

Skill      XL: |  1  2  3 |
---------------+----------+-----
Stealth        | 3 |  3.0
Dodging        | 3 |  3.2
Conjurations   | 4 |  4.0
Fighting       | |  0.8
Spellcasting   | |  2.4

Action                   || total
-------------------------++-------
Melee: Unarmed           ||    26
       Bite              ||     6
 Cast: Magic Dart        ||    45
  Use: Scroll            ||     2
 Stab: Sleeping          ||     2
Armor: Skin              ||     3
Dodge: Dodged            ||    39

Table legend: (Time is in decaauts)
 A = Elapsed time spent in this place.
 B = Non-inter-level travel time spent in this place.
 C = Inter-level travel time spent in this place.
 D = Time resting spent in this place.
 E = Time spent auto-exploring this place.
 F = Levels seen in this place.
 G = Mean time per level.
                   A        B        C        D        E       F      G
               +--------+--------+--------+--------+--------+-----+--------+
         Total |   1309 |   1274 |     35 |    608 |    502 |   2 |  654.5 |
       Dungeon |   1309 |   1274 |     35 |    608 |    502 |   2 |  654.5 |
               +--------+--------+--------+--------+--------+-----+--------+

Top non-repeatable levels by time:
     D:1: 1235 daAuts
     D:2: 74 daAuts
